Map: Ice and Chrome LE

Players

RandoCalrisn - Winner!

  • Race: Terran Terran
  • League: Diamond
  • Spawn Location: 7:00

VOD

Have the link to the VOD?

Description

Cheese build for 2v2 that gets out some early marines and tank while rushing 2 bcs by 6 minutes.

Time

  • Played on: Sept. 23, 2020, 9:28 p.m.
  • Length: 17:42
Show
View Real Time Build Order
Export as new Build Order

RandoCalrisn Terran - Winner!

Build Orders:  

Get SALT Encoding   

  12  0:01  SCV  
  13  0:18  SCV  
  14  0:24  Supply Depot  
  14  0:35  SCV  
  15  0:54  SCV  
  15  0:57  Barracks  
  16  1:02  Refinery  
  16  1:11  SCV  
  17  1:30  SCV  
  18  1:47  SCV  
  19  2:04  Orbital Command  
  20  2:10  Reaper  
  20  2:19  Command Center  
  20  2:32  Refinery  
  20  2:41  SCV  
  21  2:54  Factory  
  21  3:02  SCV  
  21  3:06  Supply Depot  
  22  3:21  SCV  
  22  3:24  Barracks Reactor  
  23  3:38  SCV  
  24  3:46  Refinery  
  24  4:01  Factory Tech Lab  
  24  4:04  Starport  
  24  4:13  Orbital Command  
  24  4:21  SCV  
  24  4:25  Marine x2  
  24  4:27  Siege Tank  
  30  4:38  SCV  
  31  4:42  Siege Tank  
  31  4:58  Starport  
  31  5:00  SCV  
  31  5:09  Fusion Core  
  32  5:10  SCV  
  32  5:17  SCV  
  32  5:19  Refinery  
  34  5:22  Marine x2  
  34  5:27  SCV  
  37  5:34  SCV  
  38  5:43  SCV  
  39  5:51  SCV, Marine x2  
  39  5:54  Starport Tech Lab x2  
  39  5:57  Supply Depot  
  42  6:00  SCV  
  42  6:04  Supply Depot  
  42  6:08  SCV  
  44  6:16  Marine x2  
  46  6:27  SCV  
  47  6:36  Battlecruiser  
  53  6:52  Battlecruiser  
  53  6:53  SCV  
  59  7:01  Siege Tank  
  62  7:13  Supply Depot  
  62  7:24  Supply Depot  
  62  7:43  SCV, Marine x2  
  62  7:45  SCV  
  66  7:55  Supply Depot  
  66  8:02  Command Center  
  66  8:05  Siege Tank  
  69  8:11  SCV x2  
  71  8:35  SCV x2  
  71  8:39  Weapon Refit  
  73  8:42  Marine x2  
  75  8:50  Barracks x3  
  75  8:52  SCV x2  
  75  8:54  Supply Depot  
  77  9:09  SCV  
  78  9:20  SCV  
  78  9:26  SCV  
  78  9:27  Supply Depot  
  78  9:29  Battlecruiser  
  86  9:48  SCV  
  86  9:49  SCV  
  88  9:51  Battlecruiser  
  88  9:57  Marine  
  95  10:01  Barracks Tech Lab x2, Barracks Reactor  
  95  10:05  SCV  
  95  10:06  SCV  
  97  10:14  Siege Tank  
  100  10:20  Armory  
  100  10:22  SCV x2  
  100  10:24  Supply Depot  
  102  10:46  SCV x2  
  102  10:47  Orbital Command  
  102  10:49  Factory  
  104  10:57  Factory  
  104  11:02  Marauder x2  
  104  11:03  SCV x2  
  104  11:07  Refinery  
  110  11:14  Refinery  
  110  11:20  SCV x2  
  110  11:23  SCV  
  110  11:29  Marine x4  
  117  11:32  Marauder x2  
  117  11:37  SCV x2  
  123  11:42  Terran Vehicle Weapons Level 1, Supply Depot  
  123  11:52  Stimpack  
  123  12:08  Supply Depot  
  123  12:12  Battlecruiser, Siege Tank  
  123  12:14  Factory Tech Lab x2  
  123  12:17  Supply Depot  
  123  12:18  Supply Depot  
  132  12:23  Unknown  
  132  12:30  Supply Depot  
  132  12:32  Battlecruiser  
  132  12:34  Marine  
  132  12:35  Marine x2  
  132  12:38  Marauder, Marine x2  
  145  12:43  SCV x2  
  145  12:44  SCV  
  157  13:13  Thor x2  
  157  13:15  SCV  
  157  13:16  SCV  
  162  13:36  Siege Tank x3  
  162  13:37  Supply Depot  
  162  13:38  Command Center  
  162  13:41  Supply Depot  
  162  13:45  Supply Depot  
  162  13:53  Command Center  
  162  13:56  Engineering Bay  
  162  13:58  Thor  
  168  14:12  Armory  
  168  14:13  SCV x3, Thor  
  177  14:43  Marauder x2, Marine x3  
  177  14:44  Marine  
  177  14:47  Battlecruiser  
  191  14:51  Battlecruiser  
  197  15:18  Siege Tank  
  200  16:16  SCV x2  
  200  16:30  Concussive Shells  
Tags
 
Add a new tag
Caveats
  • Supply blocks, unpowered buildings, or Contaminate may cause inaccurate times.
  • Supply counts are checked every 10 seconds.